Match 42298005
Unlisted

Match 42298005
End
Construct Weapon Support Center
Scout Squad
Selects Airborne Battlegroup
Selects Heavy Machine Gun Paradrop
Heavy Machine Gun Paradrop
Bazooka Squad
Heavy Machine Gun Paradrop
Selects Paratrooper Squad Paradrop
Infantry Support Center
Paratrooper Squad Paradrop
Selects Recon Loiter
Construct Medical Station
Bazooka Squad
Recon Loiter
Selects Anti-tank Gun Team Paradrop
Anti-tank Gun Team Paradrop
Paratrooper Squad Paradrop
Construct Tank Depot
supersheep
TidaL
雪狼(好运连连)
So1os
Yosugami
Akan^
Husqvarna
Rashomon
0
0

Comments sign in to comment!

No comments posted yet!